 Dungeon Crawl Stone Soup version 0.30-a0-715-gdb4ae3ece1 (webtiles) character file.

Game seed: 12560737512590938884

73 bjtr the Digger (level 4, -1/24 HPs)
             Began as a Gargoyle Earth Elementalist on Jan 24, 2023.
             Killed from afar by Natasha (7 damage)
             ... with a magic dart
             ... on level 2 of the Dungeon.
             The game lasted 00:04:34 (879 turns).

bjtr the Digger (Gargoyle Earth Elementalist)        Turns: 879, Time: 00:04:35

Health: -1/24      AC:  5    Str: 11    XL:     4   Next: 27%
Magic:  2/8        EV: 12    Int: 18    God:
Gold:   74         SH:  0    Dex: 10    Spells: 5/8 levels left

rFire   . . .      SeeInvis .    c - +0 quarterstaff (vamp)
rCold   . . .      Faith    .    (shield currently unavailable)
rNeg    + . .      Spirit   .    a - +0 robe
rPois   ∞          Reflect  .    (no helmet)
rElec   +          Harm     .    (no cloak)
rCorr   .          Rampage  .    (no gloves)
Will    .....                    (no boots)
Stlth   ++                       (no amulet)
HPRegen 0.24/turn                i - +4 ring of slaying
MPRegen 0.11/turn                (no ring)

@: no status effects
A: sickness immunity, AC +3, negative energy resistance 1, electricity
resistance, torment resistance 1, petrification resistance
a: no special abilities


You were on level 2 of the Dungeon.
You visited 1 branch of the dungeon, and saw 2 of its levels.

You collected 74 gold pieces.

Inventory:

Hand Weapons
 c - a +0 vampiric quarterstaff (weapon)
Missiles
 f - 24 stones
Armour
 a - a +0 robe (worn)
Jewellery
 i - a +4 ring of slaying (left hand)
Scrolls
 d - a scroll of teleportation {unknown}
 l - a scroll of poison
Potions
 b - a potion of magic
 e - 2 potions of lignification
 g - a potion of ambrosia
 h - a potion of heal wounds
 j - a potion of berserk rage {unknown}


   Skills:
 * Level 0.8 Fighting
 * Level 0.8 Armour
 + Level 1.7 Dodging
 + Level 2.3 Stealth
 * Level 1.3 Shields
 * Level 2.7 Spellcasting
 - Level 0.7 Transmutations
 * Level 4.5 Earth Magic


You had 5 spell levels left.
You knew the following spells:

 Your Spells              Type           Power      Damage    Failure   Level
a - Sandblast             Erth           36%        2d10      2%          1
b - Passwall              Tmut/Erth      9%         N/A       9%          2

Your spell library contained the following spells:

 Spells                   Type           Power      Damage    Failure   Level
 Stone Arrow              Conj/Erth      20%        3d8       21%         3
 Ensorcelled Hibernation  Hex/Ice        4%         N/A       26%         2
 Spider Form              Tmut/Pois      3%         N/A       41%         3
 Petrify                  Tmut/Erth      11%        N/A       50%         4
 Anguish                  Hex/Necr       1%         N/A       86%         4


Dungeon Overview and Level Annotations

Branches:
Dungeon (2/15)

Altars:

Annotations:
D:2 Natasha


Innate Abilities, Weirdness & Mutations

You are immune to sickness and miasma.
Your stone body is resilient. (AC +3)
You are immune to poison.
You resist negative energy. (rN+)
You are resistant to electric shocks. (rElec)
You are resistant to unholy torment.
You are immune to petrification.


Message History

Natasha growls in agony!
The shadow imp disappears in a puff of smoke!
The kobold closely misses you. The ball python misses you.
The ball python grabs you. The ball python constricts you.
The kobold hits you but does no damage.
You have reached level 4!
You feel clever.
Casting: Sandblast (safe; 2% risk of failure)
Confirm with . or Enter, or press ? or * to list all spells.
Aiming: Sandblast (safe; 2% risk of failure)
Press: ? - help, Shift-Dir - straight line, f - ball python
Aim: a ball python (constricting you, 80% to hit)
The blast of sand hits the ball python.
You kill the ball python!
The kobold hits you but does no damage.
Casting: Sandblast (safe; 2% risk of failure)
Confirm with . or Enter, or press ? or * to list all spells.
Aiming: Sandblast (safe; 2% risk of failure)
Press: ? - help, Shift-Dir - straight line, f - kobold
Aim: a kobold, wielding a +0 short sword of draining and quivering stones (77% to hit)
The blast of sand hits the kobold!
You kill the kobold!
Casting: Sandblast (safe; 2% risk of failure)
Confirm with . or Enter, or press ? or * to list all spells.
Aiming: Sandblast (safe; 2% risk of failure)
Press: ? - help, Shift-Dir - straight line, f - hobgoblin
Aim: a hobgoblin (82% to hit)
The blast of sand hits the hobgoblin!
You kill the hobgoblin!
f - 24 stones (gained 2)
Things that are here:
a +0 short sword of draining; a kobold corpse Natasha, Servant of Life and Death comes into view.
She is carrying a wand of flame (21).
Natasha mewls in sadness.
Natasha zaps a wand.
The puff of flame hits you.
* * * LOW HITPOINT WARNING * * *
You see here a hobgoblin corpse.
Natasha casts a spell at you. The magic dart hits you!
You die...

....# ..# .##.... #.# .
.....###.#
..####.....#.### #
............... .#### ..
..:.......##.###..... ...
#.....>.[........... ....
#....#...)..†.....#
....####### #...@.†).....#
.......######)......#..###
.............###......h#
...##..####.............
####..##########.#.....
##.......# ######.#...###
#........###....#...#..#
#....................##..
#..........♣♣♣..####..##


You could see Natasha.

Vanquished Creatures
  Natasha (D:2)
  An adder (D:2)
  6 ball pythons
  3 bats
  A giant cockroach (D:1)
  4 goblins
  3 hobgoblins
  2 jackals (D:1)
  2 quokkas (D:1)
  3 frilled lizards (D:1)
  5 kobolds
  A rat (D:2)
32 creatures vanquished.

Notes
Turn   | Place    | Note
-------+----------+-------------------------------------------
     0 | D:1      | bjtr the Gargoyle Earth Elementalist began the quest for
                  | the Orb.
     0 | D:1      | Reached XP level 1. HP: 10/10 MP: 3/3
    96 | D:1      | Reached XP level 2. HP: 16/16 MP: 1/5
   166 | D:1      | Learned a level 2 spell: Passwall
   336 | D:1      | Reached skill level 4 in Earth Magic
   499 | D:1      | Reached skill level 1 in Shields
   646 | D:1      | Reached XP level 3. HP: 16/20 MP: 1/6
   864 | D:2      | Noticed Natasha
   871 | D:2      | Killed Natasha
   872 | D:2      | Reached XP level 4. HP: 6/24 MP: 4/7
   876 | D:2      | Noticed Natasha
   879 | D:2      | Killed from afar by Natasha

Illustrated notes

Levels and vault maps discovered:
D:1:      wander_arrival_estate, layout_rooms
D:2:      layout_rooms, dilly_ecumenical_altar_fadedgnrine,
          minmay_stone_trees_small, minmay_tall_x, uniq_natasha

Skill      XL: |  1  2 |
---------------+-------+-----
Earth Magic    | 4 |  4.5
Shields        | 1 |  1.3
Fighting       | |  0.8
Armour         | |  0.8
Dodging        | |  1.7
Stealth        | |  2.3
Spellcasting   | |  2.7
Transmutations | |  0.7

Action                     |  1- 3 |  4- 6 || total
---------------------------+-------+-------++-------
  Melee: Quarterstaff      |    24 |       ||    24
   Cast: Sandblast         |    32 |     3 ||    35
    Use: Scroll            |     7 |       ||     7
 Armour: Robe              |    13 |     1 ||    14
  Dodge: Dodged            |    39 |       ||    39

Table legend: (Time is in decaauts)
 A = Elapsed time spent in this place.
 B = Non-inter-level travel time spent in this place.
 C = Inter-level travel time spent in this place.
 D = Time resting spent in this place.
 E = Time spent auto-exploring this place.
 F = Levels seen in this place.
 G = Mean time per level.
                   A        B        C        D        E       F      G
               +--------+--------+--------+--------+--------+-----+--------+
         Total |    902 |    870 |     32 |     19 |    644 |   2 |  451.0 |
       Dungeon |    902 |    870 |     32 |     19 |    644 |   2 |  451.0 |
               +--------+--------+--------+--------+--------+-----+--------+

Top non-repeatable levels by time:
     D:1: 780 daAuts
     D:2: 122 daAuts
